AoeStats
← Get Rich @ Hex.com

MegaRandom

509720525Analyzed
3v3 RM · 6d ago on Sep 27, 2026· 48m 48s· 6 players
Game mode
Random Map
Map size
Normal (6 player)
Population
200
Speed
Normal
Resources
Standard
Victory
Conquest
Starting age
Dark Age
Ending age
Imperial Age
RankedLock teamsTeams togetherTeam positionsShared explorationLock speedFull tech treeHidden civsTurbo modeCheats
Victory
Defeat
🇺🇸 Celts · United States
1001
+17
🇺🇸 Persians · United States
936
+20
🇺🇸 Vikings · United States
936
+20
🇹🇷 Koreans · Türkiye
1083
-22
🇹🇷 Spanish · Türkiye
1055
-20
🇹🇷 Bohemians · Türkiye
916
-15
jussilliman
1:25 Loom
10:25 Feudal Age
17:15 Castle Age
18:12 Pikeman
19:17 Forging
19:08 Scale Mail Armor
19:54 Arson
21:40 Wheelbarrow
21:02 Double-Bit Axe
38:04 Chain Mail Armor
38:25 Iron Casting
42:22 Imperial Age
42:23 Halberdier
43:38 Plate Mail Armor
44:12 Blast Furnace
43:04 Horse Collar
43:55 Capped Ram
45:22 Siege Ram
Blondie
4:39 Loom
10:51 Feudal Age
14:06 Double-Bit Axe
14:03 Horse Collar
20:32 Castle Age
20:22 Fletching
20:32 Padded Archer Armor
21:09 Crossbowman
22:50 Pikeman
24:16 Gold Mining
25:43 Bow Saw
29:40 Bodkin Arrow
32:38 Scale Mail Armor
34:55 Leather Archer Armor
34:51 Forging
37:59 Imperial Age
37:30 Ballistics
36:55 Treadmill Crane
39:38 Conscription
39:19 Chieftains
39:24 Bogsveigar
39:40 Murder Holes
40:46 Chemistry
41:30 Forging
41:35 Chain Mail Armor
42:57 Arbalester
45:20 Elite Berserk
46:23 Chieftains
47:53 Bracer
Get Rich @ Hex.com
3:53 Loom
11:43 Feudal Age
13:28 Wheelbarrow
12:56 Double-Bit Axe
19:21 Castle Age
18:32 Horse Collar
20:05 Bloodlines
19:15 Light Cavalry
19:57 Husbandry
20:35 Bow Saw
21:54 Scale Barding Armor
31:33 Hand Cart
31:55 Town Watch
33:10 Heavy Plow
34:10 Gold Mining
37:50 Imperial Age
35:51 Chain Barding Armor
35:42 Forging
38:09 Iron Casting
38:29 Conscription
38:05 Elite War Elephant
39:41 Plate Barding Armor
42:22 Blast Furnace
Muvahhid
4:17 Loom
11:48 Feudal Age
13:08 Double-Bit Axe
22:32 Castle Age
23:21 Wheelbarrow
23:45 Bow Saw
28:13 Imperial Age
25:42 Gold Mining
27:28 Hand Cart
27:57 Scale Barding Armor
28:03 Forging
29:36 Chain Barding Armor
30:37 Iron Casting
31:16 Plate Barding Armor
30:04 Cavalier
30:44 Husbandry
33:06 Blast Furnace
34:08 Two-Man Saw
33:53 Conscription
33:26 Horse Collar
34:30 Paladin
36:25 Heavy Plow
42:08 Chemistry
KaraBey't
8:51 Loom
10:36 Feudal Age
21:13 Castle Age
19:10 Double-Bit Axe
19:06 Horse Collar
19:44 Gold Mining
20:02 Stone Mining
20:31 Fletching
22:30 Bow Saw
22:20 Heavy Plow
24:58 Fortified Wall
26:23 Wheelbarrow
26:25 Bodkin Arrow
29:04 Scale Mail Armor
29:15 Forging
Ekvator
0:30 Loom
11:18 Feudal Age
11:48 Double-Bit Axe
11:46 Horse Collar
13:24 Arson
15:31 Man-at-Arms
25:33 Castle Age
24:53 Forging
24:44 Scale Mail Armor
24:48 Padded Archer Armor
26:58 Squires
26:19 Pikeman
26:20 Long Swordsman
34:18 Iron Casting
33:59 Chain Mail Armor
34:01 Leather Archer Armor
41:25 Wheelbarrow
40:36 Town Watch
41:07 Bow Saw
48:13 Imperial Age
48:38 Husbandry
Connection lost

Rejoining the realm…

Still unreachable

The connection could not be restored.

Session expired

The server has moved on; the page needs a fresh start.